 Dungeon Crawl Stone Soup version 0.20.1-1-g8b1a95d (webtiles) character file.

27 Firecrotchwizard the Firebug (level 2, 0/20 HPs)
             Began as a Draconian Fire Elementalist on Dec 5, 2017.
             Killed from afar by a dart slug (5 damage)
             ... with a slug dart
             ... on level 1 of the Dungeon.
             The game lasted 00:04:42 (989 turns).

Firecrotchwizard the Firebug (DrFE)                  Turns: 989, Time: 00:04:42

Health: 0/20       AC:  4    Str: 10    XL:     2   Next: 93%
Magic:  0/5        EV: 12    Int: 15    God:
Gold:   41         SH:  0    Dex: 11    Spells: 4/5 levels left

rFire    . . .     SeeInvis .   c - +0 dagger
rCold    . . .     Gourm    .   (no shield)
rNeg     . . .     Faith    .   (armour unavailable)
rPois    .         Spirit   .   (helmet restricted)
rElec    .         Reflect  .   (no cloak)
rCorr    .         Harm     .   (no gloves)
MR       .....                  (no boots)
Stlth    ++........             (no amulet)
Regen    0.1/turn               (no ring)
MPRegen  0.1/turn               (no ring)

@: very slightly contaminated
A: unfitting armour, cold-blooded, AC +4
a: no special abilities


You were on level 1 of the Dungeon.
You were not hungry.

You visited 1 branch of the dungeon, and saw 1 of its levels.

You collected 41 gold pieces.

Inventory:

Hand Weapons
 c - a +0 dagger (weapon)
   (You took it off a goblin on level 1 of the Dungeon)
Missiles
 h - 20 poisoned needles
Scrolls
 e - a scroll of amnesia {unknown}
 g - a scroll of remove curse {unknown}
Potions
 d - 2 potions of might {unknown}
Books
 a - a book of Flames
Comestibles
 b - 3 bread rations {@e1}
 f - a chunk of flesh {@w0}


   Skills:
 - Level 1.7 Dodging
 - Level 1.7 Stealth
 - Level 2.0 Spellcasting
 * Level 2.2 Conjurations
 + Level 3.5 Fire Magic


You had 4 spell levels left.
You knew the following spells:

 Your Spells              Type           Power        Failure   Level  Hunger
a - Flame Tongue          Conj/Fire      ##...        7%          1    #......


Dungeon Overview and Level Annotations

Branches:
Dungeon (1/15)

Altars:


Innate Abilities, Weirdness & Mutations

Your plain brown scales are hard. (AC +4)
You cannot fit into any form of body armour.
You are cold-blooded and may be slowed by cold attacks.


Message History

A dart slug comes into view.
You hit the hobgoblin.
The hobgoblin hits you but does no damage.
You barely miss the hobgoblin. The hobgoblin closely misses you.
You hit the hobgoblin.
The hobgoblin hits you but does no damage.
You barely miss the hobgoblin.
You tail-slap the hobgoblin, but do no damage.
The hobgoblin closely misses you.
You closely miss the hobgoblin. The hobgoblin closely misses you.
You hit the hobgoblin but do no damage. You tail-slap the hobgoblin.
The hobgoblin hits you.
You take 4 damage, and have 16/20 hp.
You barely miss the hobgoblin.
Your tail-slap misses the hobgoblin.
The hobgoblin hits you.
You take 1 damage, and have 15/20 hp.
You barely miss the hobgoblin.
You tail-slap the hobgoblin, but do no damage.
The hobgoblin hits you but does no damage.
You barely miss the hobgoblin. The hobgoblin closely misses you.
You hit the hobgoblin but do no damage. The hobgoblin barely misses you.
You hit the hobgoblin but do no damage. The hobgoblin barely misses you.
You hit the hobgoblin but do no damage.
The hobgoblin hits you but does no damage.
You barely miss the hobgoblin. The hobgoblin hits you.
You take 1 damage, and have 14/20 hp.
You barely miss the hobgoblin. The hobgoblin misses you.
You closely miss the hobgoblin.
Your tail-slap misses the hobgoblin.
The hobgoblin barely misses you.
You barely miss the hobgoblin. The hobgoblin closely misses you.
MP restored: 5 You barely miss the hobgoblin.
The hobgoblin barely misses you.
You hit the hobgoblin but do no damage. The hobgoblin barely misses you.
You barely miss the hobgoblin. The hobgoblin misses you.
You closely miss the hobgoblin. The hobgoblin hits you.
You take 1 damage, and have 13/20 hp.
You hit the hobgoblin. The hobgoblin hits you.
You take 1 damage, and have 12/20 hp.
You hit the hobgoblin.
You kill the hobgoblin!
Aim: a ball python The flame tongue hits the hobgoblin.
The hobgoblin closely misses you.
You now have 4/5 mp.
Aim: a ball python The flame tongue hits the hobgoblin.
You kill the hobgoblin!
You now have 3/5 mp.
Aim: a ball python The flame tongue misses the ball python.
The ball python bites you but does no damage.
The ball python barely misses you.
You now have 2/5 mp.
Aim: a ball python The flame tongue misses the ball python.
The ball python bites you but does no damage.
The ball python barely misses you. The ball python bites you.
The ball python barely misses you.
You take 1 damage, and have 11/20 hp.
You now have 1/5 mp.
Aim: a ball python The flame tongue hits the ball python.
The ball python barely misses you. The ball python closely misses you.
You now have 0/5 mp.
You barely miss the ball python. The ball python barely misses you.
The ball python closely misses you.
You barely miss the ball python.
Your tail-slap misses the ball python.
The ball python bites you but does no damage.
The ball python misses you.
You barely miss the ball python.
Your tail-slap misses the ball python.
The ball python bites you. The ball python barely misses you.
You take 2 damage, and have 9/20 hp.
You hit the ball python.
You kill the ball python!
Things that are here:
a club; a hobgoblin corpse You butcher the hobgoblin corpse.
f - 2 chunks of flesh {@w0} You see here a club.
You start resting.
Eating one of 2 chunks of flesh {@w0}.
You eat one of the 2 chunks of flesh {@w0}.
Aim: a dart slug (clinging, hasn't noticed you)
You miscast Flame Tongue.
You are very lightly contaminated with residual magic.
You smell something strange.
You now have 1/5 mp.
Aim: a dart slug (clinging)
The flame tongue hits the dart slug.
You now have 0/5 mp.
You hit the dart slug. The dart slug launches a dart at you.
The slug dart hits you!
* * * LOW HITPOINT WARNING * * *
You take 5 damage, and have 5/20 hp.
MASSIVE DAMAGE!!
You hit the dart slug. You hit the dart slug but do no damage.
The dart slug barely misses you.
You hit the dart slug. The dart slug barely misses you.
You hit the dart slug. The dart slug launches a dart at you.
The slug dart hits you!
You die...

#.#.#.# #.....#..###............
#.#.#.# #.....#.#.##...#######..
#.#[..# #######.#..#g### #....
#.###.# #.....## #)#..
#.###.####### ###S### #)#..
#.....#.....# #g# #.#..
#####...###.## #.# #.#..
######...#####.# #....
#.#....@w)# #..(. #...#######
#.#..
############################.#..
#.....)..).....(....).(.......#.
#..####################.####.#..
#.)# ####.####.##. #..#
#.......#.... #..# #.##.##.####.
#..# #.##..#.####.


You could see a dart slug.

Vanquished Creatures
  A dart slug (D:1)
  A ball python (D:1)
  A giant cockroach (D:1)
  8 hobgoblins (D:1)
  5 goblins (D:1)
  3 kobolds (D:1)
  A rat (D:1)
20 creatures vanquished.

Notes
Turn   | Place    | Note
-------+----------+-------------------------------------------
     0 | D:1      | Firecrotchwizard the Draconian Fire Elementalist began the quest for the Orb.
     0 | D:1      | Reached XP level 1. HP: 14/14 MP: 3/3
   433 | D:1      | Reached XP level 2. HP: 20/20 MP: 1/5
   580 | D:1      | Reached skill level 2 in Conjurations
   985 | D:1      | HP: 5/20 [dart slug/slug dart (5)]
   989 | D:1      | Killed from afar by a dart slug

Skill      XL: |  1  2 |
---------------+-------+-----
Conjurations   | 2 |  2.2
Dodging        | |  1.7
Stealth        | |  1.7
Spellcasting   | |  2.0
Fire Magic     | |  3.5

Action                   || total
-------------------------++-------
Melee: Dagger            ||    36
       Tailslap          ||     3
 Cast: Flame Tongue      ||    34
  Eat: Chunk             ||     1
Armor: Skin              ||     8
Dodge: Dodged            ||    34

Vault maps used:
D:1:      lightli_arrival_noodles

Table legend:
 A = Turns spent in this place as a percentage of turns spent in the entire game.
 B = Non-inter-level travel turns spent in this place as a percentage of non-inter-level travel turns spent in the entire game.
 C = Inter-level travel turns spent in this place as a percentage of turns spent in this place.
 D = Turns resting spent in this place as a percentage of non-inter-level travel turns spent in this place.
 E = Turns spent auto-exploring this place as a percentage of non-inter-level travel turns spent in this place.
 F = Non-inter-level travel turns spent in this place divided by the number of levels of this place that you've seen.
                   A       B       C       D       E      F
               +-------+-------+-------+-------+-------+----------------------
         Total | 100.0 | 100.0 |   0.0 |   8.4 |   5.5 | 379.0
       Dungeon | 100.0 | 100.0 |   0.0 |   8.4 |   5.5 | 379.0
               +-------+-------+-------+-------+-------+----------------------

Table legend:
 A = Kills in this place as a percentage of kills in entire the game.
 B = Kills by you in this place as a percentage of kills by you in the entire game.
 C = Kills by friends in this place as a percentage of kills by friends in the entire game.
 D = Other kills in this place as a percentage of other kills in the entire game.
 E = Experience gained in this place as a percentage of experience gained in the entire game.
 F = Experience gained in this place divided by the number of levels of this place that you have seen.
                   A       B       C       D       E      F
               +-------+-------+-------+-------+-------+----------------------
         Total | 100.0 | 100.0 |  -nan |  -nan | 100.0 |  39.0
       Dungeon | 100.0 | 100.0 |  -nan |  -nan | 100.0 |  39.0
               +-------+-------+-------+-------+-------+----------------------
